 Dungeon Crawl Stone Soup version 0.28-a0-1182-g381e24db82 (webtiles) character file.

Game seed: 15419874517216885592

84 ChaosChampion the Insei (level 4, 0/24 (28) HPs)
             Began as an Octopode Transmuter on Dec 17, 2021.
             Slain by a kobold (5 damage)
             ... on level 3 of the Dungeon.
             The game lasted 00:02:59 (2869 turns).

ChaosChampion the Insei (Octopode Transmuter)       Turns: 2869, Time: 00:03:00

HP:   0/24 (28)     AC:  1    Str:  9    XL:     4   Next: 45%
MP:   4/7           EV: 13    Int: 17    God:
Gold: 78            SH:  0    Dex: 12    Spells: 1/7 levels left

rFire   . . .      SeeInvis .     - Unarmed
rCold   . . .      Faith    .   (no shield)
rNeg    . . .      Spirit   .   (helmet currently unavailable)
rPois   .          Reflect  .   (no amulet)
rElec   .          Harm     .   (no ring)
rCorr   .          Rampage  .   (no ring)
Will    .....                   (no ring)
Stlth   ++........              (no ring)
HPRegen 0.08/turn               (no ring)
MPRegen 0.10/turn               (no ring)
                                (no ring)
                                (no ring)

@: appendages, wereblooded, heavily drained
A: tentacle spike 3, almost no armour, amphibious, 8 rings, camouflage 1,
gelatinous body 1, (nimble swimmer 1), tentacles
a: End Transformation


You were on level 3 of the Dungeon.
One of your tentacles had grown a beastly spike.
You visited 1 branch of the dungeon, and saw 3 of its levels.

You collected 78 gold pieces.

Inventory:

Scrolls
 b - a scroll of silence {unknown}
 c - a scroll of magic mapping {unknown}
 d - a scroll of vulnerability {unknown}
 f - a scroll of identify {unknown}
 g - a scroll of fear {unknown}
Potions
 a - a potion of curing {unknown}
 e - a potion of resistance {unknown}
 h - a potion of lignification {unknown}


   Skills:
 - Level 1.0 Fighting
 - Level 2.0 Dodging
 * Level 4.5 Unarmed Combat
 - Level 2.0 Spellcasting
 + Level 3.0 Transmutations
 * Level 0.1 Poison Magic


You had one spell level left.
You knew the following spells:

 Your Spells              Type           Power      Damage    Failure   Level
a - Beastly Appendage     Tmut           24%        N/A       5%          1
b - Wereblood             Tmut           12%        N/A       9%          2
c - Spider Form           Tmut/Pois      7%         N/A       30%         3

Your spell library contained the following spells:

 Spells                   Type           Power      Damage    Failure   Level
 Sting                    Tmut/Pois      28%        1d4       10%         1
 Poisonous Vapours        Pois/Air       2%         N/A       28%         2
 Ice Form                 Ice/Tmut       6%         N/A       71%         4
 Hailstorm                Conj/Ice       1%         3d3       88%         4
 Olgreb's Toxic Radiance  Pois           2%         N/A       88%         4
 Simulacrum               Ice/Necr       0%         N/A       100%        6


Dungeon Overview and Level Annotations

Branches:
Dungeon (3/15)

Altars:


Innate Abilities, Weirdness & Mutations

One of your tentacles has grown a beastly spike.
You cannot wear most types of armour.
You are amphibious.
You can wear up to eight rings at the same time.
Your skin changes colour to match your surroundings (Stealth+).
Your rubbery body absorbs attacks. (AC +1, EV +1)
((You are camouflaged near water. (Stealth+)))
You have tentacles for arms and can constrict up to eight enemies at once.


Message History

The kobold shouts!
The frilled lizard barely misses you.
You closely miss the frilled lizard. Your grab misses the frilled lizard.
Your tentacle spike misses the frilled lizard.
Your squeeze misses the frilled lizard.
The kobold hits you with a +2 dagger of draining.
You feel drained. The frilled lizard bites you.
You barely miss the frilled lizard. You grab the frilled lizard.
You constrict the frilled lizard.
The kobold hits you with a +2 dagger of draining.
You feel drained.
The frilled lizard bites you but does no damage.
You are too injured to fight recklessly!
You are too injured to fight recklessly!
You are too injured to fight recklessly!
You are too injured to fight recklessly!
You are too injured to fight recklessly!
You are too injured to fight recklessly!
You are too injured to fight recklessly!
You are too injured to fight recklessly!
You are too injured to fight recklessly!
You are too injured to fight recklessly!
You are too injured to fight recklessly!
You are too injured to fight recklessly!
There are monsters nearby!
You tentacle-slap the frilled lizard.
You kill the frilled lizard!
The kobold hits you with a +2 dagger of draining.
You feel drained.
Casting: Beastly Appendage (safe; 5% risk of failure)
Confirm with . or Enter, or press ? or * to list all spells.
Your blood is infused with primal strength.
The kobold hits you with a +2 dagger of draining.
* * * LOW HITPOINT WARNING * * *
You feel drained.
* * * LOW HITPOINT WARNING * * *
You barely miss the kobold. You grab the kobold.
Your tentacle spike misses the kobold.
You constrict the kobold.
The kobold hits you with a +2 dagger of draining.
You die...

#.# #.####### #
#.......## #.
##.......# ...
#.......#
....#########.######
..).... ..#......#
.......####.######.#
.......@..#.#### #.#
......K#.......# #.#
.##.........##.# #.#
#.##.......#.# #.# #
#######.#.# #.#
#....# #.# #..###
#.# #..# #.# #..#
#.#


You could see a kobold.

Vanquished Creatures
  Terence (D:2)
  3 worms (D:2)
  A dart slug (D:2)
  5 ball pythons
  9 endoplasms
  2 giant cockroaches (D:1)
  2 goblins (D:1)
  5 hobgoblins
  5 kobolds
  2 quokkas (D:1)
  3 bats (D:2)
  5 frilled lizards
  3 rats
46 creatures vanquished.

Notes
Turn   | Place    | Note
-------+----------+-------------------------------------------
     0 | D:1      | ChaosChampion the Octopode Transmuter began the quest for
                  | the Orb.
     0 | D:1      | Reached XP level 1. HP: 13/13 MP: 3/3
   302 | D:1      | Found a faded altar of an unknown god.
   318 | D:1      | Reached XP level 2. HP: 13/18 MP: 3/5
   704 | D:1      | Learned a level 2 spell: Wereblood
  1077 | D:1      | Reached XP level 3. HP: 21/23 MP: 4/6
  2068 | D:2      | Reached skill level 4 in Unarmed Combat
  2094 | D:2      | Noticed Terence
  2104 | D:2      | Killed Terence
  2105 | D:2      | Reached XP level 4. HP: 21/28 MP: 4/7
  2330 | D:2      | Learned a level 3 spell: Spider Form
  2869 | D:3      | Slain by a kobold

Illustrated notes

Levels and vault maps discovered:
D:1:      dpeg_arrival_rooms_b, layout_basic, chequers_ecumenical_altar_island
D:2:      layout_loops_ring, corexii_hall_statues_i, moated_statue,
          minmay_misc_feat_square, uniq_terence
D:3:      layout_basic, ebering_ghost_rock_garden

Skill      XL: |  1  2  3  4 |
---------------+-------------+-----
Unarmed Combat | 4 |  4.5
Transmutations | 3 |  3.0
Fighting       | |  1.0
Dodging        | |  2.0
Spellcasting   | |  2.0
Poison Magic   | |  0.1

Action                   |  1- 3 |  4- 6 || total
-------------------------+-------+-------++-------
Melee: Unarmed           |    71 |    36 ||   107
       Kick              |    14 |     5 ||    19
       Tentacles         |    14 |     4 ||    18
       Constrict         |    12 |    11 ||    23
       Punch             |     2 |       ||     2
 Cast: Beastly Appendage |    22 |     7 ||    29
       Wereblood         |     1 |     1 ||     2
 Stab: Sleeping          |    10 |     1 ||    11
Armor: Skin              |     6 |     1 ||     7
Dodge: Dodged            |    41 |    17 ||    58

Table legend: (Time is in decaauts)
 A = Elapsed time spent in this place.
 B = Non-inter-level travel time spent in this place.
 C = Inter-level travel time spent in this place.
 D = Time resting spent in this place.
 E = Time spent auto-exploring this place.
 F = Levels seen in this place.
 G = Mean time per level.
                   A        B        C        D        E       F      G
               +--------+--------+--------+--------+--------+-----+--------+
         Total |   2861 |   2738 |    123 |    304 |   2078 |   3 |  953.7 |
       Dungeon |   2861 |   2738 |    123 |    304 |   2078 |   3 |  953.7 |
               +--------+--------+--------+--------+--------+-----+--------+

Top non-repeatable levels by time:
     D:1: 1847 daAuts
     D:2: 804 daAuts
     D:3: 210 daAuts
